 Dungeon Crawl Stone Soup version 0.31-a0-344-gd109795599 (webtiles) character file.

Game seed: 136194079388071544

55 garrulousMonolith the Ruffian (level 3, -2/33 HPs)
             Began as a Troll Shapeshifter on July 21, 2023.
             Slain by a hobgoblin
             ... wielding a +1 dagger of electrocution
              (6 damage)
             ... on level 2 of the Dungeon.
             The game lasted 00:01:07 (1113 turns).

garrulousMonolith the Ruffian (Troll Shapeshifter)  Turns: 1113, Time: 00:01:08

Health: -2/33      AC:  4    Str: 23    XL:     3   Next: 67%
Magic:  2/2        EV: 10    Int:  4    God:
Gold:   62         SH:  0    Dex: 12    Spells: 2/2 levels left

rFire   + .          .
                       - Unarmed
rCold   + . .        (no shield)
rNeg    . . .        a - +0 animal skin
rPois   +            (helmet currently unavailable)
rElec   +            (cloak currently unavailable)
rCorr   +            (gloves unavailable)
SInv    .            (boots unavailable)
Will    .....        (no amulet)
Stlth   +            (no ring)
HPRegen 1.05/turn    (no ring)
MPRegen 0.08/turn

%: no passive effects
@: beast-form, resistant
A: beast (slay +2), large, unfitting armour, claws 3, regeneration 1, shaggy fur
1, tough skin 1
a: Begin Untransformation


You were on level 2 of the Dungeon.
You were a hulking beast.
You visited 1 branch of the dungeon, and saw 2 of its levels.

You collected 62 gold pieces.

Inventory:

Hand Weapons
 k - a +0 dagger of venom
Missiles
 e - 4 poisoned darts
 h - 5 silver boomerangs
Armour
 a - a +0 animal skin (worn)
Talismans
 c - a beast talisman
 g - a maw talisman
Scrolls
 f - 2 scrolls of identify {unknown}
 j - a scroll of poison {unknown}
 l - 2 scrolls of butterflies {unknown}
Potions
 b - a potion of lignification
 i - a potion of might {unknown}
 m - a potion of berserk rage {unknown}


   Skills:
 + Level 1.3 Fighting
 + Level 2.0 Dodging
 * Level 3.6 Unarmed Combat
 * Level 3.4 Shapeshifting


You had 2 spell levels left.
You didn't know any spells.
Your spell library contained the following spells:

 Spells                   Type           Power      Damage    Failure   Level
 Magic Dart               Conj           0%         1d3       50%         1
 Call Imp                 Summ           0%         N/A       65%         2
 Mephitic Cloud           Conj/Pois/Air  0%         N/A       86%         3


Dungeon Overview and Level Annotations

Branches:
Dungeon (2/15)

Altars:

Annotations:
D:2 Robin


Innate Abilities, Weirdness & Mutations

You are a hulking beast.
Your limbs bulge with bestial killing power. (Slay +2)
You are too large for most types of armour.
You have claws for hands.
Your natural rate of healing is unusually fast.
You are covered in fur. (AC +1)
You have tough skin. (AC +1)


Message History

You are electrocuted!
You are too injured to fight recklessly!
You are too injured to fight recklessly!
You are too injured to fight recklessly!
You are too injured to fight recklessly!
You are too injured to fight recklessly!
You are too injured to fight recklessly!
You are too injured to fight recklessly!
You are too injured to fight recklessly!
You are too injured to fight recklessly!
You are too injured to fight recklessly!
You are too injured to fight recklessly!
You are too injured to fight recklessly!
You are too injured to fight recklessly!
You are too injured to fight recklessly!
You are too injured to fight recklessly!
You are too injured to fight recklessly!
You are too injured to fight recklessly!
You are too injured to fight recklessly!
Unknown command.
The hobgoblin attacks as you move away!
The hobgoblin hits you with a +1 dagger of electrocution.
A goblin comes into view. It is wielding a +0 dagger.
The goblin shouts!
A hobgoblin comes into view.
You scratch the hobgoblin.
The hobgoblin is moderately wounded.
The hobgoblin hits you with a +1 dagger of electrocution!
* * * LOW HITPOINT WARNING * * *
The goblin hits you with a +0 dagger.
* * * LOW HITPOINT WARNING * * *
You closely miss the hobgoblin.
The hobgoblin is moderately wounded.
The hobgoblin hits you but does no damage.
The goblin hits you with a +0 dagger.
* * * LOW HITPOINT WARNING * * *
It was a potion of resistance.
You feel protected.
The hobgoblin hits you with a +1 dagger of electrocution.
You die...

♣♣.♣♣♣♣.♣ ##....
..†.♣...♣ ......#
..♣.....♣ #.....#
.♣♣♣...♣♣ #g..#.# .♣
♣.♣♣♣ gg.#.# ♣♣ ♣.♣ gg#.#
♣ ♣♣♣ #)#.# ♣ #.####g#†#
♣ #.gghgg..########
#######.##.......#
♣♣♣#...# #.##.##.##.#
♣....#.# #.##.#...#.#
♣♣†♣###.###.##........
♣♣♣..♣#.........)....#.#
♣♣♣♣...♣♣###.##...#.##.##
♣♣.♣.♣.♣♣ ...#......# ##
♣♣...♣♣♣♣ ######...#.#


You could see 3 hobgoblins and 2 goblins.

Vanquished Creatures
  Jessica (D:2)
  2 bats
  3 endoplasms
  A giant cockroach (D:2)
  5 goblins
  5 hobgoblins
  3 ball pythons
  A frilled lizard (D:1)
  3 kobolds (D:1)
  3 rats
27 creatures vanquished.

Notes
Turn   | Place    | Note
-------+----------+-------------------------------------------
     0 | D:1      | garrulousMonolith the Troll Shapeshifter began the quest
                  | for the Orb.
     0 | D:1      | Reached XP level 1. HP: 18/18 MP: 0/0
   367 | D:1      | Reached skill level 1 in Fighting
   367 | D:1      | Reached XP level 2. HP: 25/27 MP: 1/1
   981 | D:2      | Noticed Jessica
   989 | D:2      | Killed Jessica
   990 | D:2      | Reached XP level 3. HP: 26/33 MP: 2/2
  1107 | D:2      | Noticed Robin
  1113 | D:2      | Slain by a hobgoblin

Illustrated notes

Levels and vault maps discovered:
D:1:      sevenhm_arrival_forest_fort_small_3, layout_basic
D:2:      kb_forest_paths, layout_loops_corners, serial_bayou_ford_a,
          uniq_terence, uniq_robin, uniq_jessica, uniq_natasha

Skill      XL: |  1  2 |
---------------+-------+-----
Fighting       | 1 |  1.3
Dodging        | 2 |  2.0
Unarmed Combat | |  3.6
Shapeshifting  | |  3.4

Action                     || total
---------------------------++-------
  Melee: Unarmed           ||    54
    Use: Potion            ||     1
   Stab: Sleeping          ||     1
 Armour: Animal skin       ||    10
  Dodge: Dodged            ||    18

Table legend: (Time is in decaauts)
 A = Elapsed time spent in this place.
 B = Non-inter-level travel time spent in this place.
 C = Inter-level travel time spent in this place.
 D = Time resting spent in this place.
 E = Time spent auto-exploring this place.
 F = Levels seen in this place.
 G = Mean time per level.
                   A        B        C        D        E       F      G
               +--------+--------+--------+--------+--------+-----+--------+
         Total |   1109 |    991 |    118 |    136 |    702 |   2 |  554.5 |
       Dungeon |   1109 |    991 |    118 |    136 |    702 |   2 |  554.5 |
               +--------+--------+--------+--------+--------+-----+--------+

Top non-repeatable levels by time:
     D:1: 810 daAuts
     D:2: 299 daAuts
